 Dungeon Crawl Stone Soup version 0.27.0-1-g7a089689b8 (webtiles) character file.

Game seed: 4739601463326231653

17 EnegeticOcto the Shield-Bearer (level 2, 27/27 HPs)
             Began as a Minotaur Fighter on Aug 8, 2021.
             Was a Follower of Yredelemnul.
             Quit the game on level 1 of the Dungeon.
             The game lasted 00:00:13 (301 turns).

EnegeticOcto the Shield-Bearer (Minotaur Fighter)    Turns: 301, Time: 00:00:14

Health: 27/27      AC:  7    Str: 20    XL:     2   Next: 44%
Magic:  1/1        EV:  7    Int:  5    God:    Yredelemnul [*.....]
Gold:   11         SH:  9    Dex:  9    Spells: 1/1 levels left

rFire    . . .     SeeInvis .   a - +0 war axe
rCold    . . .     Faith    .   c - +0 kite shield
rNeg     . . .     Spirit   .   b - +0 scale mail
rPois    .         Reflect  .   (helmet restricted)
rElec    .         Harm     .   (no cloak)
rCorr    .         Rampage  .   (no gloves)
Will     .....                  (no boots)
Stlth    ..........             (no amulet)
HPRegen  0.09/turn              (no ring)
MPRegen  0.07/turn              (no ring)

@: no status effects
A: horns 2, retaliatory headbutt
a: Renounce Religion, Animate Remains


You were on level 1 of the Dungeon.
You worshipped Yredelemnul.
Yredelemnul was aware of your devotion.
You visited 1 branch of the dungeon, and saw 1 of its levels.

You collected 11 gold pieces.

Inventory:

Hand Weapons
 a - a +0 war axe (weapon)
Armour
 b - a +0 scale mail (worn)
 c - a +0 kite shield (worn)
Scrolls
 e - a scroll of enchant armour {unknown}
 g - a scroll of immolation
Potions
 d - a potion of might {@q3}
 f - a potion of ambrosia {unknown}


   Skills:
 + Level 3.8 Fighting
 * Level 3.0 Axes
 + Level 3.8 Armour
 + Level 3.9 Shields


You had one spell level left.
You didn't know any spells.
Your spell library was empty.

Dungeon Overview and Level Annotations

Branches:
Dungeon (1/15)

Altars:
Yredelemnul


Innate Abilities, Weirdness & Mutations

You have a pair of horns on your head.
You reflexively headbutt those who attack you in melee.


Message History

The giant cockroach closely misses you. You furiously retaliate!
You headbutt the giant cockroach!
You kill the giant cockroach!
The giant cockroach bites you but does no damage.
You block the giant cockroach's attack.
You closely miss the giant cockroach.
The giant cockroach barely misses you. x2
A giant cockroach is nearby!
A giant cockroach is nearby!
A giant cockroach is nearby!
A giant cockroach is nearby!
You closely miss the giant cockroach.
The giant cockroach bites you but does no damage.
You slash the giant cockroach!
You kill the giant cockroach!
No target in view!
No target in view!
You open the door.
There is an open door here.
There is an open door here.
You open the door.
A quokka comes into view.
There is an open door here.
A quokka is nearby!
A quokka is nearby!
A quokka is nearby!
Your scale mail prevents you from hitting the quokka.
The quokka bites you.
The quokka bites you but does no damage.
You miss the quokka. You headbutt the quokka.
The quokka is severely wounded.
You block the quokka's attack.
The quokka bites you but does no damage.
You miss the quokka.
The quokka is severely wounded.
The quokka bites you.
You barely miss the quokka.
The quokka is severely wounded.
The quokka bites you but does no damage.
The quokka twitches its whiskers.
The quokka bites you but does no damage.
You slash the quokka!
You kill the quokka!
Your Axes skill increases to level 3!
No target in view!
You see here a quokka corpse.
Found a stone staircase leading down.
There is a stone staircase leading down here.
A rat comes into view.
Found a scroll of immolation.
Found a faded altar of an unknown god.
A rat is nearby!
Found a scroll labelled NEOSUI PABBU.
You block the rat's attack.
You hit the rat.
You kill the rat!
No target in view!
No target in view!
Found 26 stones.
A ball python comes into view.
You see here a scroll labelled NEOSUI PABBU.
A ball python is nearby!
A ball python is nearby!
A ball python is nearby!
A rat comes into view.
You hit the ball python.
You kill the ball python!
No target in view!
No target in view!
No target in view!
No target in view!
No target in view!
No target in view!
No target in view!
A rat is nearby!
A rat is nearby!
A rat is nearby!
A rat is nearby!
A rat is nearby!
A bat comes into view.
The rat bites you but does no damage.
You closely miss the bat. You slash the rat!
You kill the rat!
You block the bat's attack. The bat hits you.
You barely miss the bat. The bat barely misses you. You furiously retaliate!
You headbutt the bat!
You kill the bat!
No target in view!
No target in view!
No target in view!
No target in view!
No target in view!
No target in view!
g - a scroll of immolation
There is a faded altar of an unknown god here.
You cannot tell which god this altar belongs to.
Convert to them anyway? [Y]es or [N]o only, please.
You cannot tell which god this altar belongs to.
Convert to them anyway?
Yredelemnul accepts your prayer! Yredelemnul welcomes you!
You can now animate remains.
Are you sure you want to abandon this character and quit the game? (Confirm with "yes".)

. #. .# ### . ###.##.....
. .........# ..##. ...#.
..# # #..#..###...#...##
# #.....(.....#.... .
............#.## .
#.....#..#.....# .
#.+.#..@..#....# .
#.##.#.....#...#
#..#...?#..#...#
#...........#..# +##
#.#.†.#..####..# #.#
#...#.#...#....#
..########..............#
.#.†.......######...##?.
.#.†.....# #..##


There were no monsters in sight!

Vanquished Creatures
  3 ball pythons (D:1)
  An endoplasm (D:1)
  3 giant cockroaches (D:1)
  A hobgoblin (D:1)
  A kobold (D:1)
  2 quokkas (D:1)
  A bat (D:1)
  A frilled lizard (D:1)
  3 rats (D:1)
16 creatures vanquished.

Notes
Turn   | Place    | Note
-------+----------+-------------------------------------------
     0 | D:1      | EnegeticOcto the Minotaur Fighter began the quest for the
                  | Orb.
     0 | D:1      | Reached XP level 1. HP: 19/19 MP: 0/0
   126 | D:1      | Reached XP level 2. HP: 22/27 MP: 1/1
   280 | D:1      | Found a faded altar of an unknown god.
   300 | D:1      | Became a worshipper of Yredelemnul the Dark
   300 | D:1      | Reached * piety under Yredelemnul
   301 | D:1      | Quit the game

Illustrated notes

Levels and vault maps discovered:
D:1:      minmay_arrival_four_loops, layout_basic,
          hellmonk_ecumenical_altar_blasted

Skill      XL: |  1  2 |
---------------+-------+-----
Axes           | 3 |  3.0
Fighting       | |  3.8
Armour         | |  3.8
Shields        | |  3.9

Action                   || total
-------------------------++-------
Melee: War axe           ||    29
       Headbutt          ||     3
Armor: Scale mail        ||    21
Dodge: Dodged            ||    11
Block: Kite shield       ||    15
